Match 38849413
Unlisted

Match 38849413
End
Vickers Machine Gun Team
Construct Section Command Post
Selects Heavy Armor Battlegroup
Infantry Section
Infantry Section
Infantry Section
Infantry Section
Selects Light Vehicle Withdraw and Refit
Selects Forward Repair Assembly
Construct Platoon Command Post
Unlock M3 Stuart Light Tanks
M3 Stuart Light Tank
M3 Stuart Light Tank
M3 Stuart Light Tank
Selects Recon Artillery
M3 Stuart Light Tank
6-pounder Anti-tank Gun Team
Recon Artillery
Light Vehicle Training
Infantry Section
M3 Stuart Light Tank
Selects Rigorous Vehicle Training
Selects Crusader AA Medium Tank
Recon Artillery
Crusader AA Medium Tank
Captain Winters
Groju
KEKEKING
Oncle-Hô
DragonLTU
Drip
Cow
inmyzone
0
0

Comments sign in to comment!

No comments posted yet!